 Dungeon Crawl Stone Soup version 0.23-a0-13-gb09bef45d9 (webtiles) character file.

85859 Flugkiller the Thaumaturge (level 15, -1/113 HPs)
             Began as a Centaur Air Elementalist on Aug 2, 2018.
             Was a High Priest of Sif Muna.
             Hit by a large rock thrown by a cyclops (24 damage)
             ... on level 15 of the Dungeon.
             The game lasted 01:06:42 (45186 turns).

Flugkiller the Thaumaturge (CeAE)                  Turns: 45186, Time: 01:06:42

Health: -1/113     AC: 11    Str: 12    XL:     15   Next: 39%
Magic:  12/42      EV: 10    Int: 23    God:    Sif Muna [*****.]
Gold:   1666       SH:  0    Dex: 13    Spells: 17/42 levels left

rFire    + . .     SeeInvis +   b - staff of air
rCold    . . .     Gourm    +   (no shield)
rNeg     . . .     Faith    .   s - +2 robe {rF+}
rPois    .         Spirit   .   E - +2 hat {SInv}
rElec    +         Reflect  .   (no cloak)
rCorr    .         Harm     .   x - +2 pair of gloves {Dex+3}
MR       +....                  (no barding)
Stlth    +.........             H - amulet of the gourmand (curse)
HPRegen  0.28/turn              A - ring of magical power
MPRegen  0.28/turn              B - +4 ring of intelligence

@: divine energy, very quick
A: large, hooves 3, deformed body, speed 2, tough skin 3
a: Stop Divine Energy, Channel Magic, Forget Spell, Renounce Religion


You were on level 15 of the Dungeon.
You worshipped Sif Muna.
Sif Muna was extremely pleased with you.
You were very full.

You visited 3 branches of the dungeon, and saw 22 of its levels.

You collected 1786 gold pieces.
You spent 120 gold pieces at shops.

Inventory:

Armour
 s - a +2 robe of fire resistance (worn)
 x - a +2 pair of gloves of dexterity (worn)
 y - a +2 shield
 E - a +2 hat of see invisible (worn)
Magical Staves
 b - an uncursed staff of air (weapon)
Jewellery
 q - a +5 amulet of reflection
 t - an uncursed ring of protection from cold
 u - an uncursed ring of protection from magic
 A - a ring of magical power (left hand)
 B - a +4 ring of intelligence (right hand)
 H - a cursed amulet of the gourmand (around neck)
 K - an uncursed ring of wizardry
 S - a +3 ring of protection
 X - an uncursed ring of protection from fire
Wands
 a - a wand of scattershot (4)
 I - a wand of acid (25)
 J - a wand of paralysis (25)
 N - a wand of flame (58)
 Q - a wand of iceblast (8)
Scrolls
 e - a scroll of amnesia
 g - 9 scrolls of remove curse
 n - 10 scrolls of teleportation
 C - a scroll of blinking
 D - a scroll of magic mapping
 L - a scroll of noise {unknown}
 M - a scroll of enchant armour
 R - 2 scrolls of identify
 T - 2 scrolls of fear
 U - a scroll of fog
 V - a scroll of torment {unknown}
 Y - 2 scrolls of holy word {unknown}
 Z - a scroll of enchant weapon {unknown}
Potions
 d - 2 potions of resistance
 h - 2 potions of heal wounds
 i - 5 potions of flight
 k - 3 potions of cancellation
 m - 2 potions of might {unknown}
 o - 10 potions of curing
 p - 2 potions of mutation {unknown}
 r - a potion of berserk rage {unknown}
 v - a potion of lignification {unknown}
 w - 3 potions of agility
 z - a potion of brilliance {unknown}
 F - 3 potions of invisibility {unknown}
 G - a potion of magic {unknown}
 O - 2 potions of ambrosia
Comestibles
 c - 44 rations


   Skills:
 + Level 5.0 Fighting
 - Level 1.3 Dodging
 - Level 1.1 Stealth
 + Level 0.1 Shields
 + Level 14.0 Spellcasting
 + Level 11.1 Conjurations
 - Level 11.0 Ice Magic
 - Level 11.0 Air Magic


You had 17 spell levels left.
You knew the following spells:

 Your Spells              Type           Power        Failure   Level  Hunger
a - Shock                 Conj/Air       ####         1%          1    None
b - Static Discharge      Conj/Air       #######.     1%          3    None
c - Airstrike             Air            #######...   1%          4    None
d - Freezing Cloud        Conj/Ice/Air   #######...   6%          6    #####..
e - Lightning Bolt        Conj/Air       #######...   1%          5    ###....
f - Bolt of Cold          Conj/Ice       ######....   6%          6    #####..

Your spell library contained the following spells:

 Spells                   Type           Power        Failure   Level  Hunger
 Magic Dart               Conj           ####         1%          1    None
 Bolt of Fire             Conj/Fire      #####.....   52%         6    #####..
 Confuse                  Hex            ###.....     11%         3    None
 Mephitic Cloud           Conj/Pois/Air  ######..     1%          3    None
 Bolt of Draining         Conj/Necr      #####.....   11%         5    ###....
 Ozocubu's Refrigeration  Ice            ######....   6%          6    #####..
 Summon Ice Beast         Ice/Summ       #####...     3%          4    None
 Poison Arrow             Conj/Pois      #####.....   52%         6    #####..
 Sting                    Conj/Pois      ####         1%          1    None
 Tukima's Dance           Hex            ###.....     11%         3    None
 Summon Demon             Summ           ###.......   71%         5    ###....
 Summon Greater Demon     Summ           ###.......   100%        7    ######.
 Swiftness                Chrm/Air       ######..     1%          2    None
 Ice Form                 Ice/Tmut       #####...     3%          4    None
 Necromutation            Tmut/Necr      ###.......   100%        8    #######
 Confusing Touch          Hex            ###...       3%          1    None
 Call Canine Familiar     Summ           ###.....     11%         3    None
 Ensorcelled Hibernation  Hex/Ice        #####.       1%          2    None
 Metabolic Englaciation   Hex/Ice        #####.....   11%         5    ###....
 Summon Butterflies       Summ           ###.....     3%          1    None
 Corona                   Hex            ###....      3%          1    None
 Alistair's Intoxication  Tmut/Pois      ###.....     71%         5    ###....
 Simulacrum               Ice/Necr       #####.....   52%         6    #####..
 Petrify                  Tmut/Erth      ###.....     36%         4    None
 Summon Hydra             Summ           ###.......   100%        7    ######.
 Iskenderun's Battlesphe  Conj/Chrm      #####...     11%         5    ###....
 Dazzling Spray           Conj/Hex       #####.       1%          3    None
 Searing Ray              Conj           ######       1%          2    None
 Spellforged Servitor     Conj/Summ      #####.....   97%         7    ######.
 Summon Mana Viper        Hex/Summ       ###.....     71%         5    ###....
 Gell's Gravitas          Tloc           ###.......   11%         3    None
 Yara's Violent Unravell  Hex/Tmut       ###.......   71%         5    ###....
 Infestation              Necr           ###.......   100%        8    #######


Dungeon Overview and Level Annotations

Branches:
Dungeon (15/15)            Temple (1/1) D:7            Lair (6/6) D:8
 Shoals (0/4) Lair:4       Spider (0/4) Lair:2        Slime (0/5) Lair:5
    Orc (0/2) D:12         Vaults (0/5) D:14
 Depths: D:15

Altars:
Ashenzari
Cheibriados
Dithmenos
Elyvilon
Fedhas
Gozag
Hepliaklqana
Kikubaaqudgha
Makhleb
Nemelex Xobeh
Okawaru
Qazlal
Ru
Sif Muna
Trog
Uskayaw
Vehumet
Wu Jian
Xom
Yredelemnul
Zin
The Shining One

Shops:
D:12 ?}[(

Annotations:
D:6 2 transporters


Innate Abilities, Weirdness & Mutations

You have hooves in place of feet.
Armour fits poorly on your strangely shaped body.
You cover ground very quickly.
You have extremely tough skin. (AC +3)


Message History

You see here a large rock.
The cyclops throws a large rock.
The large rock hits you!
* * * LOW HITPOINT WARNING * * *
You see here a large rock.
Unknown command.
Unknown command.
Unknown command.
Unknown command.
Unknown command.
Unknown command.
Unknown command.
Unknown command.
Unknown command.
Unknown command.
Unknown command.
Unknown command.
Unknown command.
Unknown command.
The cyclops throws a large rock.
The large rock hits you!!
You die...

...≈≈...##.#..#.#..Y###
...≈≈...##.#..#........
........##.#######..##.
...C.................#Y
..........#########..#.
..........#########..#.
.####.....'............
#.....############Y
#.@...# #.......
####Y#######.######
#.(..N....# ###########


You could see a dire elephant and a cyclops.

Vanquished Creatures
  Gastronok (Lair:1)
  Azrael (D:12)
  An ogre mage (D:14)
  Josephine (D:12)
  A great orb of eyes (D:14)
  7 hydras
  3 catoblepae (Lair:6)
  Harold (D:8)
  4 centaur warriors
  6 two-headed ogres
  6 death yaks
  Urug (Lair:3)
  Sonja (Lair:5)
  Nergalle (Lair:1)
  3 unseen horrors
  2 deep elf magi
  An oklob plant (Lair:6)
  2 ugly things (D:11)
  8 slime creatures (D:13)
  3 cyclopes
  4 manticores
  13 elephants
  3 merfolk sirens (Lair:4)
  Psyche (D:8)
  3 black mambas
  Joseph (D:15)
  A torpor snail (Lair:4)
  A gargoyle (D:12)
  An eye of devastation (Lair:5)
  7 spiny frogs
  7 rime drakes
  5 kobold demonologists (D:11)
  A yaktaur (D:14)
  8 komodo dragons
  2 trolls
  A merfolk (Lair:4)
  A queen bee (Lair:3)
  Grinder (D:5)
  A polar bear (Lair:4)
  A hornet (D:10)
  Prince Ribbit (Lair:2)
  5 dream sheep
  22 blink frogs
  20 hippogriffs
  2 shadows
  6 wraiths
  A vampire (D:14)
  49 yaks
  9 basilisks
  A human (D:8)
  9 wyverns
  3 hungry ghosts
  5 fire elementals
  4 vampire mosquitoes (D:15)
  2 soldier ants
  9 water moccasins
  Duvessa (D:7)
  3 hell hounds
  7 orc warriors
  3 porcupines
  2 eyes of draining
  4 ice beasts
  4 sky beasts
  2 necrophages
  10 ogres
  A phantom (D:12)
  10 wolves
  5 boggarts (D:15)
  2 black bears
  7 centaurs
  17 crocodiles
  4 big kobolds
  13 bullfrogs
  A gnoll sergeant (D:8)
  A wyvern skeleton (D:12)
  7 scorpions
  33 killer bees
  10 wights
  A howler monkey (D:9)
  An electric eel (Lair:4)
  9 crimson imps
  4 bullfrog zombies
  A quasit (D:12)
  6 hounds
  7 jellies
  9 orc priests
  5 centaur skeletons
  5 centaur zombies
  4 orc wizards
  A bullfrog skeleton (D:13)
  4 iguanas
  13 worker ants
  A hound skeleton (D:8)
  A howler monkey zombie (D:8)
  3 worker ant zombies
  24 gnolls
  14 adders
  3 shadow imps
  An adder zombie (D:8)
  2 oozes
  3 worms (D:2)
  2 dart slugs
  5 leopard geckos
  34 orcs
  5 giant cockroaches
  17 goblins
  28 hobgoblins
  11 jackals
  26 kobolds
  4 quokkas
  4 ball pythons
  13 bats
  5 frilled lizards
  A leopard gecko skeleton (D:4)
  A quokka skeleton (D:6)
  10 rats
  A plant (Lair:5)
701 creatures vanquished.

Vanquished Creatures (others)
  A cyclops (D:8)
  A centaur zombie (D:12)
  An orc (D:7)
  27 fungi
  16 plants
46 creatures vanquished.

Grand Total: 747 creatures vanquished

Notes
Turn   | Place    | Note
-------+----------+-------------------------------------------
     0 | D:1      | Flugkiller the Centaur Air Elementalist began the quest for the Orb.
     0 | D:1      | Reached XP level 1. HP: 14/14 MP: 3/3
    14 | D:1      | Reached skill level 1 in Conjurations
   173 | D:1      | Reached XP level 2. HP: 14/20 MP: 0/4
   800 | D:1      | Reached skill level 2 in Spellcasting
   996 | D:1      | Reached XP level 3. HP: 26/26 MP: 0/6
  2408 | D:2      | Found a sacrificial altar of Ru.
  2644 | D:2      | Reached XP level 4. HP: 33/33 MP: 2/7
  2775 | D:2      | Found a shadowy altar of Dithmenos.
  3831 | D:3      | Reached XP level 5. HP: 30/38 MP: 0/9
  4027 | D:3      | Reached skill level 3 in Spellcasting
  4927 | D:4      | Noticed an ogre
  5268 | D:4      | Reached XP level 6. HP: 45/45 MP: 3/11
  5296 | D:4      | Reached skill level 4 in Spellcasting
  5895 | D:5      | Entered Level 5 of the Dungeon
  6111 | D:4      | Reached XP level 7. HP: 15/50 MP: 13/13
  6589 | D:5      | Noticed Grinder
  6607 | D:5      | Killed Grinder
  6802 | D:5      | Found an iron altar of Okawaru.
  6856 | D:5      | Reached skill level 5 in Air Magic
  7727 | D:6      | Found a basalt altar of Yredelemnul.
  7729 | D:6      | Found a burning altar of Makhleb.
  7729 | D:6      | Found a hide-covered altar of Uskayaw.
  7732 | D:6      | Found a blossoming altar of Fedhas.
  7746 | D:6      | Reached XP level 8. HP: 57/57 MP: 14/14
  7851 | D:6      | Found a shattered altar of Ashenzari.
  7905 | D:6      | Reached skill level 5 in Conjurations
  8526 | D:6      | Found a transporter.
  8527 | D:6      | Noticed a kobold demonologist
  8544 | D:6      | Found a transporter.
  8607 | D:6      | Noticed a kobold demonologist
  9197 | D:7      | Found a staircase to the Ecumenical Temple.
  9233 | Temple   | Entered the Ecumenical Temple
  9443 | D:7      | Reached XP level 9. HP: 62/62 MP: 15/15
  9884 | D:7      | Noticed Duvessa
  9890 | D:7      | Killed Duvessa
 10800 | D:8      | Noticed a cyclops
 10955 | D:7      | Learned a level 4 spell: Airstrike
 10981 | D:8      | Killed a cyclops
 11342 | D:8      | Noticed Harold
 11621 | D:8      | Noticed Psyche
 11657 | D:7      | Learned a level 5 spell: Lightning Bolt
 12089 | D:8      | Found a radiant altar of Vehumet.
 12181 | D:8      | Reached XP level 10. HP: 69/69 MP: 7/16
 12458 | D:8      | Found a staircase to the Lair.
 12731 | D:8      | Killed Harold
 13009 | D:8      | Killed Psyche
 13598 | D:8      | Found a radiant altar of Vehumet.
 14452 | Temple   | Became a worshipper of Sif Muna the Loreminder
 14527 | Lair:1   | Entered Level 1 of the Lair of Beasts
 14717 | D:8      | Identified a scroll of acquirement
 14951 | Lair:1   | Noticed a spiny frog
 14973 | Lair:1   | Killed a spiny frog
 14973 | Lair:1   | Reached skill level 5 in Spellcasting
 14973 | Lair:1   | Reached skill level 10 in Air Magic
 15254 | Lair:1   | Noticed Nergalle
 15443 | Lair:1   | Noticed a spiny frog
 15448 | Lair:1   | Killed a spiny frog
 15448 | Lair:1   | Reached * piety under Sif Muna
 15570 | Lair:1   | Noticed a spectral orc warlord
 15848 | Lair:1   | Killed Nergalle
 15848 | Lair:1   | Reached skill level 10 in Conjurations
 16141 | Lair:1   | Noticed Gastronok
 16365 | Lair:1   | Killed Gastronok
 16365 | Lair:1   | Reached skill level 6 in Spellcasting
 16365 | Lair:1   | Reached XP level 11. HP: 74/74 MP: 0/21
 16717 | Lair:2   | Reached ** piety under Sif Muna
 16784 | Lair:1   | Reached skill level 7 in Spellcasting
 18044 | Lair:2   | Noticed Prince Ribbit
 18062 | Lair:2   | Killed Prince Ribbit
 18075 | Lair:2   | Reached skill level 8 in Spellcasting
 18191 | Lair:2   | Found a hole to the Spider Nest.
 18461 | Lair:2   | Noticed a four-headed hydra
 18544 | Lair:2   | Killed a four-headed hydra
 18544 | Lair:2   | Reached *** piety under Sif Muna
 18959 | Lair:2   | Reached skill level 9 in Spellcasting
 19513 | Lair:3   | Got a warped wooden ring
 19621 | Lair:3   | Noticed Urug
 19639 | Lair:3   | Killed Urug
 19806 | Lair:3   | Noticed a five-headed hydra
 19819 | Lair:3   | Killed a five-headed hydra
 20014 | Lair:3   | Learned a level 3 spell: Static Discharge
 20085 | Lair:3   | Reached **** piety under Sif Muna
 20468 | Lair:3   | Reached skill level 10 in Spellcasting
 20468 | Lair:3   | Reached XP level 12. HP: 62/81 MP: 6/26
 20831 | Lair:3   | Noticed a four-headed hydra
 20838 | Lair:3   | Killed a four-headed hydra
 20960 | Lair:3   | Learned a level 6 spell: Freezing Cloud
 21129 | Lair:3   | Reached skill level 1 in Ice Magic
 22612 | Lair:4   | Reached ***** piety under Sif Muna
 22612 | Lair:4   | Identified Sif Muna's Disquisition on Combat Magic (Sif Muna gifted it to you on level 4 of the Lair of Beasts)
 22612 | Lair:4   | Received a gift from Sif Muna
 23560 | Lair:4   | Reached skill level 11 in Spellcasting
 23842 | Lair:4   | Found a staircase to the Shoals.
 24076 | Lair:4   | Reached skill level 5 in Ice Magic
 24601 | Lair:5   | Found a staircase to the Slime Pits.
 25413 | Lair:5   | Reached XP level 13. HP: 86/86 MP: 24/28
 25445 | Lair:5   | Noticed Sonja
 25452 | Lair:5   | Killed Sonja
 26042 | Lair:6   | Entered Level 6 of the Lair of Beasts
 26277 | Lair:5   | Identified Sif Muna's Disquisition on Summoning and Toxins (Sif Muna gifted it to you on level 5 of the Lair of Beasts)
 26277 | Lair:5   | Received a gift from Sif Muna
 27696 | Lair:5   | Reached skill level 12 in Spellcasting
 27961 | Lair:6   | HP: 4/86 [komodo dragon (22)]
 30099 | Lair:6   | Identified the ring of Vizaung {-Tele MR+ AC+2 Str+3} (You found it on level 3 of the Lair of Beasts)
 30815 | Lair:6   | Received a gift from Sif Muna
 31680 | Lair:5   | Reached XP level 14. HP: 36/93 MP: 7/30
 32214 | Lair:6   | Reached skill level 10 in Ice Magic
 32318 | Lair:6   | Reached skill level 13 in Spellcasting
 32743 | Lair:6   | Found the +8 demon blade "Leech" {vamp, rN+ AC-3 EV-3}
 33920 | D:9      | Got a shimmering marble ring
 34254 | D:9      | Found a sparkling altar of Nemelex Xobeh.
 34599 | D:10     | Entered Level 10 of the Dungeon
 35296 | D:10     | Found a sparkling altar of Nemelex Xobeh.
 35637 | D:11     | Identified Enioman's Papyrus of the Ghastly Entourage (Sif Muna gifted it to you on level 11 of the Dungeon)
 35637 | D:11     | Received a gift from Sif Muna
 35637 | D:11     | Reached skill level 1 in Fighting
 37662 | D:12     | Noticed Azrael
 37667 | D:12     | Killed Azrael
 38195 | D:12     | Found Bemnaan's Magic Scroll Shoppe.
 38206 | D:12     | Bought a scroll of blinking for 82 gold pieces
 38206 | D:12     | Bought a scroll of fear for 38 gold pieces
 38696 | D:12     | Found Miutiug's Armour Boutique.
 39011 | D:12     | Found a staircase to the Orcish Mines.
 39013 | D:12     | Found Eriate's Weapon Boutique.
 39279 | D:12     | Noticed Josephine
 39286 | D:12     | Killed Josephine
 39564 | D:12     | Found Ycu Wauwass's Gadget Shop.
 40743 | D:13     | Identified Sif Muna's Papyrus of Confrontation (Sif Muna gifted it to you on level 13 of the Dungeon)
 40743 | D:13     | Received a gift from Sif Muna
 40743 | D:13     | Reached XP level 15. HP: 106/110 MP: 10/32
 42042 | D:14     | Identified the ring of Ru's Regard {Str+6 Stlth-} (You found it on level 9 of the Dungeon)
 42448 | D:14     | Paralysed by a great orb of eyes for 2 turns
 42969 | D:14     | Found a gate to the Vaults.
 43641 | D:14     | Noticed a tengu reaver
 43643 | D:14     | Noticed a frost giant
 43997 | D:15     | Entered Level 15 of the Dungeon
 44359 | D:15     | Found a white marble altar of Elyvilon.
 44381 | D:15     | Reached skill level 5 in Fighting
 44707 | D:15     | Noticed Joseph
 44740 | D:15     | Killed Joseph
 44875 | D:15     | Found the +3 Elemental Staff {rElec rF++ rC++ MR++ AC+5}
 45058 | D:15     | Learned a level 6 spell: Bolt of Cold
 45132 | D:15     | Reached skill level 14 in Spellcasting
 45186 | D:15     | Hit by a large rock thrown by a cyclops

Vault maps used:
D:1:      lemuel_arrival_broad_hall, minmay_misc_feat_tiny
D:2:      lemuel_doored_altar, grunt_dithmenos_smoke_and_mirrors
D:3:      first_ration, minmay_bisected
D:4:      nrook_mini_backslash, lightli_corner_chamber
D:5:      okawaru_altar_gauntlet_db, lemuel_flamethrower_2, uniq_grinder
D:6:      gammafunk_wand_slinger, grunt_temple_overflow_open,
          roderic_roman_lattice
D:7:      corexii_shantytown, minmay_temple_entry_butterflies, uniq_duvessa
D:8:      lair_entry_dummy, basic_altar, grunt_pizzeria, uniq_psyche,
          uniq_harold
D:9:      nicolae_overflow_hidden_temple
D:10:     nemelex_diamond_rough_becter, uniq_joseph
D:11:     hangedman_decor_peaks_small
D:12:     orc_david_3, serial_shops, shop, shop, uniq_josephine, uniq_azrael
D:14:     minmay_diamond_stairs, david_vaults_2, hangedman_decor_slide_cut,
          lab_entry_generic
D:15:     hangedman_depths_entry_try_elsewhere_first, serial_shops,
          nicolae_shop_trees, elyvilon_altar_1, nicolae_ru_awakened_eye
Temple:   nicolae_temple_figure_eight
Lair:1:   serial_bayou_ford_a, uniq_nergalle, uniq_gastronok
Lair:2:   spider_nest_entry_web_field, uniq_prince_ribbit2
Lair:3:   uniq_urug
Lair:4:   elwin_shoals_entry_stream, infiniplex_staircase_pool
Lair:5:   minmay_slime_entry_eyes, uniq_sonja
Lair:6:   evilmike_catoblepas_cave, special_room, serial_bayou_pond_a,
          st_stairs_11

Skill      XL: |  1  2  3  4  5  6  7  8  9 10 11 12 13 14 15 |
---------------+----------------------------------------------+-----
Conjurations   | 1 2 3 4 6 8 10 11 | 11.1
Air Magic      | 3 4 5 7 9 10 11 | 11.0
Spellcasting   | 2 3 4 6 10 11 12 13 14 | 14.0
Ice Magic      | 6 9 10 11 | 11.0
Fighting       | 3 5 |  5.0
Dodging        | |  1.3
Stealth        | |  1.1
Shields        | |  0.1

Action                   |  1- 3 |  4- 6 |  7- 9 | 10-12 | 13-15 || total
-------------------------+-------+-------+-------+-------+-------++-------
Melee: Unarmed           |    13 |     9 |     4 |       |       ||    26
       Kick              |     1 |     3 |       |     3 |     1 ||     8
       Staff             |       |       |       |     8 |    11 ||    19
 Cast: Shock             |   138 |   191 |   452 |   154 |    47 ||   982
       Airstrike         |       |       |     6 |   285 |   555 ||   846
       Lightning Bolt    |       |       |     1 |    46 |   196 ||   243
       Static Discharge  |       |       |       |    17 |     9 ||    26
       Freezing Cloud    |       |       |       |       |     1 ||     1
       Bolt of Cold      |       |       |       |       |     4 ||     4
Invok: Divine Energy     |       |       |       |     1 |       ||     1
Evoke: Wand              |       |       |       |     1 |     1 ||     2
  Use: Scroll            |       |     7 |     3 |    12 |    11 ||    33
       Potion            |       |       |     1 |       |     2 ||     3
  Eat: Chunk             |     7 |    10 |    16 |    62 |    85 ||   180
       Ration            |       |       |       |     6 |     2 ||     8
Armor: Robe              |    61 |    26 |    46 |    73 |   152 ||   358
Dodge: Dodged            |    69 |    48 |    82 |    91 |   189 ||   479
Block: Other             |       |     3 |    34 |     7 |       ||    44
       Reflection        |       |       |     7 |     2 |       ||     9

Table legend:
 A = Spawn XP
 B = Non-spawn XP
 C = Spawn XP percentage of total XP
 D = Spawn monster count
 E = Non-spawn monster count
 F = Spawn count percentage of total count
 G = Total turns spent on level
                    A         B        C        D         E        F      G
               +---------+---------+-------+---------+---------+-------+---------
         Total |       0 |  122657 |   0.0 |       0 |     702 |   0.0 | 45186
               +---------+---------+-------+---------+---------+-------+---------
           D:1 |       0 |      56 |   0.0 |       0 |      31 |   0.0 |  1894
           D:2 |       0 |      76 |   0.0 |       0 |      26 |   0.0 |  1331
           D:3 |       0 |     160 |   0.0 |       0 |      32 |   0.0 |  1588
           D:4 |       0 |     443 |   0.0 |       0 |      22 |   0.0 |  1464
           D:5 |       0 |     462 |   0.0 |       0 |      11 |   0.0 |  1224
           D:6 |       0 |    1075 |   0.0 |       0 |      28 |   0.0 |  1595
           D:7 |       0 |    1452 |   0.0 |       0 |      59 |   0.0 |  2351
           D:8 |       0 |    3677 |   0.0 |       0 |      51 |   0.0 |  3466
           D:9 |       0 |    2387 |   0.0 |       0 |      31 |   0.0 |  1141
          D:10 |       0 |    2159 |   0.0 |       0 |      12 |   0.0 |  1151
          D:11 |       0 |   10269 |   0.0 |       0 |      44 |   0.0 |  2558
          D:12 |       0 |    8306 |   0.0 |       0 |      47 |   0.0 |  1412
          D:13 |       0 |    5312 |   0.0 |       0 |      17 |   0.0 |  2233
          D:14 |       0 |   12411 |   0.0 |       0 |      32 |   0.0 |  2358
          D:15 |       0 |    6794 |   0.0 |       0 |      25 |   0.0 |   875
        Lair:1 |       0 |    6287 |   0.0 |       0 |      18 |   0.0 |  2637
        Lair:2 |       0 |    4894 |   0.0 |       0 |      23 |   0.0 |  2424
        Lair:3 |       0 |    6480 |   0.0 |       0 |      36 |   0.0 |  2047
        Lair:4 |       0 |   10327 |   0.0 |       0 |      36 |   0.0 |  2653
        Lair:5 |       0 |   15316 |   0.0 |       0 |      54 |   0.0 |  5051
        Lair:6 |       0 |   24314 |   0.0 |       0 |      67 |   0.0 |  3481
               +---------+---------+-------+---------+---------+-------+---------
